 Dungeon Crawl Stone Soup version 0.22.0-21-g8bd1b0a (console) character file.

310 removed the Conjurer (level 6, 0/36 HPs)
             Began as a Halfling Conjurer on Aug 19, 2018.
             Slain by an orc wizard
             ... wielding a +0 war axe
              (8 damage)
             ... on level 4 of the Dungeon.
             The game lasted 00:06:48 (4188 turns).

removed the Conjurer (Halfling Conjurer)            Turns: 4188, Time: 00:06:49

Health: 0/36       AC:  4    Str:  9    XL:     6   Next: 69%
Magic:  1/8        EV: 15    Int: 20    God:
Gold:   120        SH:  0    Dex: 15    Spells: 5/8 levels left

rFire    . . .     SeeInvis .   a - +0 short sword
rCold    . . .     Gourm    .   (shield restricted)
rNeg     . . .     Faith    .   p - +0 robe (curse)
rPois    .         Spirit   .   (no helmet)
rElec    .         Reflect  .   t - +1 cloak
rCorr    .         Harm     .   (no gloves)
MR       .....                  (no boots)
Stlth    ++........             (no amulet)
HPRegen  0.12/turn              (no ring)
MPRegen  0.11/turn              (no ring)

@: brilliant
A: small, mutation resistance 1
a: no special abilities


You were on level 4 of the Dungeon.
You were very hungry.

You visited 1 branch of the dungeon, and saw 4 of its levels.

You collected 120 gold pieces.

Inventory:

Hand Weapons
 a - a +0 short sword (weapon)
Armour
 e - a +0 robe
 p - a cursed +0 robe (worn)
 t - a +1 cloak (worn)
Scrolls
 g - 2 scrolls of remove curse {unknown}
 i - a scroll of random uselessness {unknown}
 l - a scroll of fog {unknown}
 m - a scroll of immolation {unknown}
Potions
 h - 2 potions of curing
 q - a potion of mutation {unknown}
 s - a potion of brilliance
 u - a potion of haste {unknown}
Comestibles
 c - 5 rations


   Skills:
 - Level 2.1 Dodging
 - Level 2.1 Stealth
 + Level 1.5 Spellcasting
 - Level 6.2 Conjurations


You had 5 spell levels left.
You knew the following spells:

 Your Spells              Type           Power        Failure   Level  Hunger
a - Magic Dart            Conj           ####         1%          1    #......
b - Searing Ray           Conj           #####.       1%          2    ###....

Your spell library contained the following spells:

 Spells                   Type           Power        Failure   Level  Hunger
 Dazzling Spray           Conj/Hex       ####..       1%          3    ###....
 Iskenderun's Mystic Bla  Conj           #####...     1%          4    #####..
 Force Lance              Conj/Tloc      ####....     5%          4    #####..
 Fulminant Prism          Conj/Hex       ####......   5%          4    #####..


Dungeon Overview and Level Annotations

Branches:
Dungeon (4/15)
 Temple: D:4-7

Altars:
Qazlal
The Shining One

Annotations:
D:2 exclusion: downstairs, Grinder


Innate Abilities, Weirdness & Mutations

You are small and have problems with some larger weapons.
You are somewhat resistant to further mutation.


Message History

Okay, then.
You hit the orc wizard.
The orc wizard is heavily wounded.
You are feeling very hungry.
You barely miss the orc wizard.
The orc wizard is heavily wounded.
The orc wizard hits you with a war axe.
You closely miss the orc wizard.
The orc wizard is heavily wounded.
The orc wizard hits you with a war axe!
* * * LOW HITPOINT WARNING * * *
Press: ? - help, v - describe, . - travel
Here: an orc wizard, wielding a war axe and wearing a robe (heavily wounded)
The floor.
You aren't carrying any items that you can evoke.
Okay, then.
It was a potion of brilliance.
You feel clever all of a sudden. The orc wizard hits you with a war axe!
You die...

.... #. #..# #.
#..#### #.
#oo...# #.# #.#
#.# #)# #.#####
#.#
#.....####.#
#..##..@oo.#
#..#########
#.........
#.######## #.#
#[#
#.#############
#............<#
###############


You could see an orc wizard and an orc.

Vanquished Creatures
  A scorpion (D:4)
  A hound (D:4)
  A centaur skeleton (D:3)
  2 orc priests (D:3)
  An orc wizard (D:3)
  2 adders
  4 worms
  2 dart slugs (D:1)
  4 leopard geckos
  13 orcs
  2 ball pythons (D:3)
  7 bats
  3 giant cockroaches (D:1)
  4 goblins
  6 hobgoblins
  2 jackals (D:1)
  5 frilled lizards
  A jackal skeleton (D:4)
  7 kobolds
  5 rats
73 creatures vanquished.

Notes
Turn   | Place    | Note
-------+----------+-------------------------------------------
     0 | D:1      | removed the Halfling Conjurer began the quest for the Orb.
     0 | D:1      | Reached XP level 1. HP: 11/11 MP: 3/3
   380 | D:1      | Reached XP level 2. HP: 12/17 MP: 0/4
   524 | D:1      | Learned a level 2 spell: Searing Ray
   844 | D:1      | Reached skill level 4 in Conjurations
   844 | D:1      | Reached XP level 3. HP: 21/21 MP: 0/5
  1625 | D:2      | Found a glowing golden altar of the Shining One.
  1674 | D:2      | Reached XP level 4. HP: 22/27 MP: 2/6
  2405 | D:3      | Noticed Grinder
  2406 | D:3      | Reached skill level 5 in Conjurations
  2406 | D:3      | Reached XP level 5. HP: 31/31 MP: 1/7
  2987 | D:3      | Paralysed by Grinder for 6 turns
  2999 | D:2      | Paralysed by Grinder for 4 turns
  3462 | D:3      | Found a stormy altar of Qazlal.
  3764 | D:3      | Reached XP level 6. HP: 28/36 MP: 0/8
  4011 | D:4      | Reached skill level 6 in Conjurations
  4032 | D:4      | Noticed an ogre
  4188 | D:4      | Slain by an orc wizard

Skill      XL: |  1  2  3  4  5  6 |
---------------+-------------------+-----
Conjurations   | 4 5 6 |  6.2
Dodging        | |  2.1
Stealth        | |  2.1
Spellcasting   | |  1.5

Action                   |  1- 3 |  4- 6 || total
-------------------------+-------+-------++-------
Melee: Unarmed           |     2 |       ||     2
       Short sword       |    16 |    43 ||    59
 Cast: Magic Dart        |    72 |    60 ||   132
       Searing Ray       |       |    14 ||    14
  Use: Scroll            |       |     3 ||     3
       Potion            |       |     3 ||     3
 Stab: Invisible         |       |     1 ||     1
       Sleeping          |       |     1 ||     1
  Eat: Chunk             |     4 |    10 ||    14
Armor: Robe              |     2 |     6 ||     8
       Skin              |       |    10 ||    10
Dodge: Dodged            |    21 |    46 ||    67
